 Dungeon Crawl Stone Soup version 0.17.0-26-gececa24 (webtiles) character file.

644 homeworkjunkie the Covert (level 7, -2/35 HPs)
             Began as a Spriggan Assassin on Nov 20, 2015.
             Slain by a mummy (14 damage)
             ... in an ossuary.
             The game lasted 00:10:11 (3507 turns).

homeworkjunkie the Covert (Spriggan Assassin)       Turns: 3507, Time: 00:10:11

Health: -2/35      AC:  3    Str:  7    XL:     7   Next: 27%
Magic:  8/8        EV: 20    Int: 13    God:
Gold:   150        SH:  0    Dex: 19    Spells: 1 memorised, 3 levels left

rFire  . . .     SeeInvis +     a - +2 dagger (freeze)
rCold  . . .     Clarity  .     c - +0 robe
rNeg   . . .     SustAt   .     (shield restricted)
rPois  .         Gourm    .     (helmet restricted)
rElec  .         Spirit   .     d - +0 cloak
rCorr  .         Warding  .     (gloves unavailable)
rMut   .         Stasis   .     (boots unavailable)
MR     +....                    (no amulet)
Stlth  +++++.....               (no ring)
                                (no ring)

@: lethally poisoned (-2 -> -9), exhausted, slowed, quick, somewhat resistant to
hostile enchantments, quite stealthy
A: unfitting armour, see invisible, herbivore 3, speed 3, slow metabolism 2
a: no special abilities


You were in an ossuary.
You were not hungry.

You visited 1 branch of the dungeon, and saw 5 of its levels.
You also visited: Ossuary.

You collected 150 gold pieces.

Inventory:

Hand Weapons
 a - a +2 dagger of freezing (weapon)
 b - a +0 blowgun
 q - a +0 hunting sling
 t - a +0 short sword of electrocution
Missiles
 e - 7 poisoned needles
 f - 2 curare-tipped needles
 i - 17 sling bullets
Armour
 c - a +0 robe (worn)
 d - a +0 cloak (worn)
Wands
 m - a wand of fireball (0)
 r - a wand of frost (0)
 s - a wand of polymorph (13)
 u - a wand of paralysis (0)
Potions
 h - a potion of berserk rage
 j - 2 potions of haste
 l - a potion of agility {unknown}
 n - 4 potions of brilliance
Books
 k - a book of Clouds

   Spells                             Type                      Level
   a - Mephitic Cloud                 Conjuration/Poison/Air       3
   b - Conjure Flame                  Conjuration/Fire             3
   c - Poisonous Cloud                Conjuration/Poison/Air       6
   d - Freezing Cloud                 Conjuration/Ice/Air          6
   e - Ring of Flames                 Charms/Fire                  7
Comestibles
 g - 3 bread rations
 p - 2 slices of pizza


   Skills:
 * Level 2.7 Fighting
 * Level 3.7 Short Blades
 * Level 1.9(3.1) Slings
 * Level 3.2(3.4) Throwing
 * Level 4.5 Dodging
 * Level 9.7 Stealth
 + Level 1.1 Evocations


You had 3 spell levels left.
You knew the following spells:

 Your Spells              Type           Power        Failure   Level  Hunger
a - Mephitic Cloud        Conj/Pois/Air  #.......     86%         3    ####...


Dungeon Overview and Level Annotations

Branches:
Dungeon (5/15)
 Temple: D:4-7

Altars:
Fedhas
Kikubaaqudgha


Innate Abilities, Weirdness & Mutations

You are tiny and cannot use many weapons and most armour.
You have supernaturally acute eyesight.
You are a herbivore.
You cover ground extremely quickly.
You need consume almost no food.


Message History

You feel sick. The kobold zombie hits you.
You hear a distant blaring wail to the north.
You hit the mummy.
The mummy is almost destroyed.
The mummy completely misses you.
You puncture the mummy! You freeze the mummy.
You destroy the mummy!
The kobold zombie hits you but does no damage.
The mummy hits you but does no damage.
You barely miss the mummy.
You feel sick. The mummy barely misses you.
You hit the mummy. You freeze the mummy.
The mummy is moderately damaged.
The kobold zombie misses you.
You puncture the mummy! You freeze the mummy.
The mummy is severely damaged.
You feel sick.
You are no longer berserk.
You are exhausted.
You feel yourself slow down. The mummy hits you!
You die...

.M....
#....#
#....#
#((..#
#....#
#.(..#
#(...#
#(M..#
#Z@M.#
#.∩M.#
######


You could see 3 mummies and a kobold zombie.

Vanquished Creatures
  A phantom (D:4)
  2 ogres
  The ghost of MDvedh the Twirler, a weakling DsGl (D:3)
  An orc priest (D:3)
  Natasha (thrice) (D:2)
  An orc wizard (D:3)
  2 worker ants
  4 mummies (Ossuary)
  6 adders
  2 oozes
  3 giant geckos
  9 orcs
  8 bats
  5 giant cockroaches
  5 goblins
  8 hobgoblins
  5 giant newts
  A gnoll zombie (Ossuary)
  4 hobgoblin zombies (Ossuary)
  5 jackals
  8 kobolds
  A kobold zombie (Ossuary)
  An orc zombie (Ossuary)
  2 quokkas (D:3)
  7 rats
95 creatures vanquished.

Notes
Turn   | Place    | Note
--------------------------------------------------------------
     0 | D:1      | homeworkjunkie the Spriggan Assassin began the quest for the Orb.
     0 | D:1      | Reached XP level 1. HP: 10/10 MP: 2/2
    18 | D:1      | Reached skill level 6 in Stealth
   160 | D:2      | Noticed Natasha
   163 | D:2      | Killed Natasha
   163 | D:2      | Reached XP level 2. HP: 13/15 MP: 3/3
   163 | D:2      | Reached XP level 3. HP: 15/18 MP: 4/4
   439 | D:1      | Reached skill level 7 in Stealth
  1112 | D:2      | Reached XP level 4. HP: 23/23 MP: 5/5
  1195 | D:2      | Noticed Natasha
  1210 | D:2      | Killed Natasha
  1571 | D:3      | Noticed an ogre
  1720 | D:2      | Noticed Natasha
  1728 | D:2      | Killed Natasha
  1790 | D:3      | Reached skill level 8 in Stealth
  1841 | D:3      | Killed an ogre
  1841 | D:3      | Reached XP level 5. HP: 13/26 MP: 6/6
  2025 | D:4      | Noticed a phantom
  2025 | D:4      | Noticed an ogre
  2026 | D:4      | Killed an ogre
  2026 | D:4      | Reached skill level 1 in Slings
  2026 | D:4      | Reached skill level 9 in Stealth
  2026 | D:4      | Reached XP level 6. HP: 30/30 MP: 7/7
  2185 | D:3      | Noticed MDvedh's ghost (weakling DsGl)
  2227 | D:3      | Killed MDvedh's ghost
  2649 | D:3      | Found an ancient bone altar of Kikubaaqudgha.
  2653 | D:3      | Found a blossoming altar of Fedhas.
  2960 | D:4      | Learned a level 3 spell: Mephitic Cloud
  3047 | D:4      | Killed a phantom
  3047 | D:4      | Reached skill level 1 in Evocations
  3047 | D:4      | Reached XP level 7. HP: 12/35 MP: 8/8
  3405 | D:5      | Entered Level 5 of the Dungeon
  3410 | D:5      | Found a sand-covered staircase.
  3418 | Ossuary  | Entered an ossuary
  3507 | Ossuary  | Slain by a mummy

Action                   |  1- 3 |  4- 6 |  7- 9 || total
-------------------------+-------+-------+-------++-------
Melee: Dagger            |    73 |   123 |    34 ||   230
       Short sword       |       |    11 |       ||    11
 Fire: Hunting sling     |       |    12 |    15 ||    27
       Blowgun           |       |     9 |       ||     9
Evoke: Wand              |       |    18 |     2 ||    20
  Use: Scroll            |     1 |     4 |       ||     5
       Potion            |       |     3 |     3 ||     6
 Stab: Sleeping          |    17 |     8 |       ||    25
       Invisible         |       |     2 |       ||     2
       Paralysed         |       |     1 |       ||     1
  Eat: Fruit             |       |       |     3 ||     3
